 Dungeon Crawl Stone Soup version 0.30.0-29-ga12c61a403 (webtiles) character file.

Game seed: 14198243685625590573

233 seaoflcl the Chopper (level 5, 0/47 HPs)
             Began as a Minotaur Fighter on June 9, 2023.
             Slain by a scorpion (1 damage)
             ... on level 4 of the Dungeon.
             The game lasted 00:02:49 (1364 turns).

seaoflcl the Chopper (Minotaur Fighter)             Turns: 1364, Time: 00:02:49

Health: 0/47       AC:  9    Str: 23    XL:     5   Next: 74%
Magic:  4/4        EV:  9    Int:  5    God:
Gold:   172        SH:  4    Dex:  9    Spells: 4/4 levels left

rFire   . . .        a - +0 war axe
rCold   . . .        c - +0 buckler
rNeg    . . .        b - +0 scale mail
rPois   .            j - +2 hat
rElec   .            (no cloak)
rCorr   .            (no gloves)
SInv    .            (no boots)
Will    .....        (no amulet) Stlth
                     (no ring)
HPRegen 0.27/turn    (no ring)
MPRegen 0.09/turn

%: no passive effects
@: lethally poisoned (0 -> -14)
A: horns 2, retaliatory headbutt
a: no special abilities


You were on level 4 of the Dungeon.
You visited 1 branch of the dungeon, and saw 3 of its levels.
You also visited: Sewer.

You collected 172 gold pieces.

Inventory:

Hand Weapons
 a - a +0 war axe (weapon)
 p - a +3 whip of venom
Armour
 b - a +0 scale mail (worn)
 c - a +0 buckler (worn)
 j - a +2 hat (worn)
Jewellery
 n - a +6 ring of intelligence
Wands
 q - a wand of charming (9)
 t - a wand of iceblast (5)
Scrolls
 e - a scroll of teleportation {unknown}
 g - 4 scrolls of butterflies {unknown}
 h - a scroll of blinking {unknown}
 i - 3 scrolls of fog {unknown}
 k - a scroll of enchant weapon {unknown}
 l - a scroll of amnesia {unknown}
 m - a scroll of enchant armour {unknown}
 o - a scroll of fear {unknown}
 s - a scroll of magic mapping {unknown}
 u - 3 scrolls of immolation {unknown}
Potions
 d - a potion of might
 f - a potion of curing {unknown}
 r - a potion of heal wounds {unknown}


   Skills:
 + Level 4.7 Fighting
 * Level 5.0 Axes
 + Level 4.8 Armour
 + Level 4.7 Shields


You had 4 spell levels left.
You didn't know any spells.
Your spell library contained the following spells:

 Spells                   Type           Power      Damage    Failure   Level
 Sandblast                Erth           0%         2d4       83%         1
 Passwall                 Tmut/Erth      0%         N/A       93%         2
 Stone Arrow              Conj/Erth      0%         3d7       99%         3


Dungeon Overview and Level Annotations

Branches:
Dungeon (2/15)              Sewer (visited)

Altars:


Innate Abilities, Weirdness & Mutations

You have a pair of horns on your head.
You reflexively headbutt those who attack you in melee.


Message History

You see here a rat skeleton.
A goblin comes into view. It is wielding a +0 club.
Found a short sword.
The goblin shouts!
A scorpion comes into view.
You block the goblin's attack.
You closely miss the scorpion. You barely miss the goblin.
The scorpion stings you. The goblin hits you but does no damage.
You hit the scorpion.
The scorpion is lightly wounded.
You closely miss the goblin. The scorpion stings you.
You are poisoned.
The scorpion poisons you! The goblin completely misses you.
The scorpion stings you.
You are more poisoned.
The scorpion poisons you! The goblin attacks as you move away!
The goblin hits you but does no damage.
You feel very sick.
You barely miss the goblin. You headbutt the goblin.
You kill the goblin!
You completely miss the scorpion.
You feel very sick. The scorpion stings you.
You feel very sick. The scorpion closely misses you.
The scorpion barely misses you.
Things that are here:
a +0 club; a goblin corpse You feel sick.
The scorpion stings you.
You are lethally poisoned!
The scorpion poisons you!
* * * LOW HITPOINT WARNING * * *
You feel very sick. The scorpion stings you.
* * * LOW HITPOINT WARNING * * *
Things that are here:
a +0 club; a goblin corpse
* * * LOW HITPOINT WARNING * * *
You feel very sick. The scorpion stings you.
You die...

# ### .# ##.########.# ...
.......# # #######
#.###.....##
####~~##..###.##.....).#
~~~~~~~# #......@).....###
####รท~##
#.......s........
#~~##~####.##.###.........
~.~~~~#...###.# ##...####.
~~~~~~##..# #.# #####
#~~####...# #.#
####~~##..# #.#
~~~~~~~...# #.### #
####~~##.## #...# #


You could see a scorpion.

Vanquished Creatures
  Pargi (Sewer)
  A hound (D:4)
  4 gnolls (D:4)
  3 adders
  2 worms
  4 bats
  3 giant cockroaches
  7 goblins
  2 hobgoblins (D:1)
  3 jackals (D:1)
  4 kobolds
  3 quokkas
  2 ball pythons (D:1)
  8 rats
47 creatures vanquished.

Notes
Turn   | Place    | Note
-------+----------+-------------------------------------------
     0 | D:1      | seaoflcl the Minotaur Fighter began the quest for the Orb.
     0 | D:1      | Reached XP level 1. HP: 19/19 MP: 0/0
   162 | D:1      | Reached XP level 2. HP: 23/27 MP: 1/1
   229 | D:1      | Reached skill level 3 in Axes
   785 | D:2      | Reached XP level 3. HP: 33/33 MP: 2/2
   937 | D:2      | Found a faded altar of an unknown god.
   942 | D:2      | You fall into a shaft and drop 2 floors!
   966 | D:4      | Reached XP level 4. HP: 28/40 MP: 3/3
   974 | D:4      | Reached skill level 4 in Axes
  1095 | D:4      | Reached XP level 5. HP: 47/47 MP: 4/4
  1095 | D:4      | Found a glowing drain.
  1107 | Sewer    | Entered a sewer
  1160 | Sewer    | Noticed Pargi
  1195 | Sewer    | Killed Pargi
  1196 | Sewer    | Reached skill level 5 in Axes
  1364 | D:4      | HP: 1/47 [poisoned by a scorpion]
  1364 | D:4      | Slain by a scorpion

Illustrated notes

Levels and vault maps discovered:
D:1:      ncdulo_lavacross, layout_loops_ring
D:2:      layout_basic, basic_altar, ebering_ecumenical_altar_petrified,
          chequers_mini_garden
D:4:      layout_loops_ring, okawaru_altar_gauntlet_db,
          gammafunk_ghost_nasty_kobolds, gup_sewer_entry_bubbles

Skill      XL: |  1  2  3  4  5 |
---------------+----------------+-----
Axes           | 3 4 5 |  5.0
Armour         | 4 |  4.8
Shields        | 4 |  4.7
Fighting       | 4 |  4.7

Action                     |  1- 3 |  4- 6 || total
---------------------------+-------+-------++-------
  Melee: War axe           |    56 |    62 ||   118
         Headbutt          |    13 |     4 ||    17
  Evoke: Wand              |       |     2 ||     2
 Armour: Scale mail        |    16 |    55 ||    71
  Dodge: Dodged            |    28 |    44 ||    72
  Block: Buckler           |    13 |    21 ||    34
